 Dungeon Crawl Stone Soup version 0.27.0-1-g7a089689b8 (webtiles) character file.

Game seed: 2354098667087604224

255 Eddie the Chopper (level 5, 0/47 HPs)
             Began as a Minotaur Monk on Aug 6, 2021.
             Slain by Crazy Yiuf (15 damage)
             ... on level 3 of the Dungeon.
             The game lasted 00:07:09 (3204 turns).

Eddie the Chopper (Minotaur Monk)                   Turns: 3204, Time: 00:07:10

Health: 0/47       AC:  5    Str: 16    XL:     5   Next: 91%
Magic:  4/4        EV: 12    Int:  7    God:
Gold:   134        SH:  0    Dex: 13    Spells: 4/4 levels left

rFire    . . .     SeeInvis .   a - +0 hand axe
rCold    . . .     Faith    .   (no shield)
rNeg     . . .     Spirit   .   i - +0 ring mail
rPois    .         Reflect  .   (helmet restricted)
rElec    .         Harm     .   (no cloak)
rCorr    .         Rampage  .   (no gloves)
Will     .....                  (no boots)
Stlth    ++........             (no amulet)
HPRegen  0.15/turn              (no ring)
MPRegen  0.09/turn              (no ring)

@: no status effects
A: horns 2, retaliatory headbutt
a: no special abilities


You were on level 3 of the Dungeon.
You visited 1 branch of the dungeon, and saw 3 of its levels.

You collected 134 gold pieces.

Inventory:

Hand Weapons
 a - a +0 hand axe (weapon)
Missiles
 c - 15 poisoned darts (quivered)
 d - 8 silver boomerangs
 m - a throwing net
 n - 2 atropa-tipped darts
Armour
 i - a +0 ring mail (worn)
 l - a +0 plate armour
Scrolls
 b - a scroll of fog {unknown}
 f - 2 scrolls of identify {unknown}
 h - a scroll of magic mapping {unknown}
 j - a scroll of amnesia {unknown}
 k - a scroll of teleportation
Potions
 e - 3 potions of curing
 g - 2 potions of haste {unknown}


   Skills:
 + Level 4.5 Fighting
 + Level 5.3 Axes
 + Level 0.9 Throwing
 + Level 1.8 Armour
 + Level 4.2 Dodging
 + Level 2.9 Stealth


You had 4 spell levels left.
You didn't know any spells.
Your spell library was empty.

Dungeon Overview and Level Annotations

Branches:
Dungeon (3/15)

Altars:

Shops:
D:3 (

Annotations:
D:3 Crazy Yiuf


Innate Abilities, Weirdness & Mutations

You have a pair of horns on your head.
You reflexively headbutt those who attack you in melee.


Message History

There is an open door here.
There is an open door here.
There is a stone staircase leading down here.
There is an open door here.
There is an open door here.
You see here 33 stones.
You see here 33 stones.
There is an open door here.
There is an open door here.
There is a stone staircase leading down here.
You see here 18 stones.
There is an open door here.
Crazy Yiuf shouts!
It was a potion of curing.
You feel better.
As you read the scroll labelled LEZOTUTTO, it crumbles to dust.
You feel strangely unstable.
It was a scroll of teleportation.
Your surroundings suddenly seem different.
There is an entrance to Oleudis's Antique Weapon Emporium here.
There is an open door here.
You open the door.
There is an open translucent door here.
Crazy Yiuf shouts!
You closely miss Crazy Yiuf. Your headbutt misses Crazy Yiuf.
Crazy Yiuf misses you.
You barely miss Crazy Yiuf. Crazy Yiuf closely misses you.
You closely miss Crazy Yiuf.
Crazy Yiuf hits you with a +2 quarterstaff of chaos.
You are electrocuted!
You hit Crazy Yiuf but do no damage.
Crazy Yiuf hits you with a +2 quarterstaff of chaos.
Crazy Yiuf burns you.
You completely miss Crazy Yiuf.
Crazy Yiuf hits you with a +2 quarterstaff of chaos!
Crazy Yiuf freezes you.
* * * LOW HITPOINT WARNING * * *
You closely miss Crazy Yiuf. Crazy Yiuf closely misses you.
You slash Crazy Yiuf! Your headbutt misses Crazy Yiuf.
Crazy Yiuf is heavily wounded.
Crazy Yiuf hits you with a +2 quarterstaff of chaos!
You die...

#.# #.# #.# ### ##### ########
#...# ##.#..#.######## #.#.##
##......#..##...# ##...#######
#.....#####.'@g.# #.........#
#...#.# ###..)# #...#####.#
#.##### ##### ##### #.# #.#
#.# #.# ##########.#
#.######### ######.##.......#
#.....#...# ##.......#........
######....###....)............
#.......'.................


You could see Crazy Yiuf.

Vanquished Creatures
  Grinder (D:3)
  2 adders
  3 dart slugs
  3 bats (D:1)
  2 endoplasms (D:1)
  A giant cockroach (D:1)
  3 goblins
  2 hobgoblins
  6 jackals
  2 ball pythons (D:1)
  2 frilled lizards (D:1)
  3 kobolds
  4 rats
34 creatures vanquished.

Notes
Turn   | Place    | Note
-------+----------+-------------------------------------------
     0 | D:1      | Eddie the Minotaur Monk began the quest for the Orb.
     0 | D:1      | Reached XP level 1. HP: 19/19 MP: 0/0
   181 | D:1      | Reached XP level 2. HP: 18/27 MP: 1/1
   717 | D:1      | Reached skill level 4 in Axes
  1289 | D:2      | Reached XP level 3. HP: 28/33 MP: 2/2
  1787 | D:3      | Found a runed translucent door.
  1788 | D:3      | Noticed Crazy Yiuf
  2071 | D:3      | Found Oleudis's Antique Weapon Emporium.
  2376 | D:3      | Noticed Grinder
  2392 | D:3      | Killed Grinder
  2393 | D:3      | Reached skill level 5 in Axes
  2393 | D:3      | Reached skill level 1 in Armour
  2393 | D:3      | Reached XP level 4. HP: 5/41 MP: 3/3
  2393 | D:3      | Reached XP level 5. HP: 6/47 MP: 4/4
  3204 | D:3      | Slain by Crazy Yiuf

Illustrated notes

Levels and vault maps discovered:
D:1:      noname_arrival_rooms_in_the_neighbourhood, layout_loops_corners
D:2:      layout_basic, columned_hall_lemuel, kennysheep_path_1
D:3:      layout_loops_corners, serial_shops, nicolae_shop_stone,
          minmay_crystal_water, uniq_crazy_yiuf_cottage, uniq_grinder

Skill      XL: |  1  2  3 |
---------------+----------+-----
Axes           | 4 5 |  5.3
Fighting       | 4 |  4.5
Stealth        | 2 |  2.9
Armour         | 1 |  1.8
Dodging        | 4 |  4.2
Throwing       | |  0.9

Action                   |  1- 3 |  4- 6 || total
-------------------------+-------+-------++-------
Melee: Hand axe          |    71 |    12 ||    83
       Headbutt          |    12 |     1 ||    13
Throw: Dart              |     7 |       ||     7
  Use: Scroll            |       |     1 ||     1
       Potion            |       |     1 ||     1
 Stab: Sleeping          |     5 |       ||     5
Armor: Robe              |     6 |       ||     6
       Ring mail         |     9 |       ||     9
Dodge: Dodged            |    42 |     6 ||    48
